cohdb
Replays
Latest Replays
All Replays
Popular Replays
Top Player Replays
Match Explorer
How It Works
Community
CoH3 Stats
Reddit
Sign in to upload your games and track your stats! →
Sign in with Steam
Match 42374422
Unlisted
Match 42374422
Overview
Messages
Build Orders
End
Selects Italian Combined Arms Battlegroup
Selects Italian Combined Arms Battlegroup
Selects Bersaglieri Squad
Bersaglieri Squad
Bersaglieri Squad
250 Light Carrier
Construct Light Support Kompanie
250 Light Carrier
Fire Support Elements
Combat Half-tracks
Selects Bersaglieri Bolster
Assault Mechanized Group
Flakvierling Half-track
Kradschützen Motorcycle Team
Selects Breda Model 30 Light Machine Guns
2.5-tonne Medical Truck
Brother
Snazzzzy
0
0
Comments
sign in to comment!
No comments posted yet!